2914 views
Uploaded 2020-02-20 12:01:47
Game version 1.32 / 1.32.1
20:23 long 1on1 custom game on (4)TwistedMeadows
Game name "gggg"
Saved by Zipper
2914 views
Uploaded 2020-02-20 12:01:47
Game version 1.32 / 1.32.1
20:23 long 1on1 custom game on (4)TwistedMeadows
Game name "gggg"

65 units @ 7.1k
/ 0.1k
18 buildings @ 3k
/ 0.8k

| Rod of Necromancy | 3 | 450 |
| Sacrificial Skull | 1 | 50 |
| Potion of Mana | 1 | 200 |
| Orb of Corruption | 1 | 375 |
| Dust of Appearance | 1 | 75 |
| Scroll of Healing | 2 | 500 |
| Scroll of Protection | 1 | 150 |
| Staff of Teleportation | 1 | 150 |
| Potion of Lesser Invulnerability | 1 | 150 |
| total: | 12 | 2100g |
| Acolyte | 20 | 1500 | / | 0 |
| Ghoul | 43 | 5160 | / | 0 |
| Obsidian Statue | 2 | 400 | / | 70 |
| total: | 65 | 7060g | / | 70w |
| Nerubian Tower | 1 | 100 | / | 20 |
| Spirit Tower | 1 | 145 | / | 40 |
| Necropolis | 1 | 225 | / | 0 |
| Crypt | 3 | 600 | / | 150 |
| Ziggurat | 7 | 1050 | / | 350 |
| Altar of Darkness | 1 | 180 | / | 50 |
| Tomb of Relics | 3 | 390 | / | 90 |
| Graveyard | 2 | 430 | / | 0 |
| Slaughterhouse | 1 | 140 | / | 135 |
| Halls of the Dead | 2 | 640 | / | 420 |
| Black Citadel | 1 | 325 | / | 230 |
| total: | 18 | 3015g | / | 775w |
| 0:02 | Acolyte |
| 0:04 | Necropolis |
| 0:05 | Crypt |
| 0:08 | Crypt |
| 0:19 | Acolyte |
| 0:40 | Ziggurat |
| 1:00 | Altar of Darkness |
| 1:12 | Ghoul |
| 1:21 | Ghoul |
| 1:24 | Tomb of Relics |
| 1:26 | Tomb of Relics |
| 1:27 | Tomb of Relics |
| 1:35 | Ghoul |
| 1:46 | Ghoul |
| 1:59 | Ghoul |
| 2:13 | Acolyte |
| 2:14 | Acolyte |
| 2:25 | Ghoul |
| 2:45 | Ghoul |
| 2:59 | Rod of Necromancy |
| 2:59 | Sacrificial Skull |
| 3:05 | Dust of Appearance |
| 3:07 | Sleep |
| 3:25 | Ghoul |
| 3:40 | Ghoul |
| 3:53 | Ziggurat |
| 3:56 | Cannibalize |
| 4:17 | Vampiric Aura |
| 4:27 | Ghoul |
| 4:31 | Acolyte |
| 4:50 | Acolyte |
| 4:51 | Acolyte |
| 4:52 | Acolyte |
| 4:52 | Acolyte |
| 5:03 | Nerubian Tower |
| 5:18 | Halls of the Dead |
| 5:19 | Acolyte |
| 5:37 | Graveyard |
| 5:44 | Sleep |
| 6:05 | Halls of the Dead |
| 6:07 | Acolyte |
| 6:07 | Acolyte |
| 6:30 | Crypt |
| 6:34 | Ghoul |
| 6:43 | Graveyard |
| 6:58 | Ghoul |
| 7:12 | Rod of Necromancy |
| 7:15 | Ghoul |
| 7:20 | Acolyte |
| 7:36 | Acolyte |
| 7:36 | Acolyte |
| 7:52 | Ghoul |
| 7:54 | Ghoul |
| 8:10 | Acolyte |
| 8:10 | Acolyte |
| 8:18 | Ghoul |
| 8:19 | Ghoul |
| 8:33 | Potion of Mana |
| 8:47 | Acolyte |
| 8:57 | Acolyte |
| 9:00 | Acolyte |
| 9:19 | Ghoul |
| 9:21 | Vampiric Aura |
| 9:40 | Ghoul |
| 9:56 | Ziggurat |
| 9:57 | Ziggurat |
| 10:10 | Ghoul |
| 10:22 | Ghoul |
| 10:43 | Black Citadel |
| 10:48 | Ghoul |
| 11:04 | Ghoul |
| 11:21 | Ghoul |
| 11:34 | Ghoul |
| 11:43 | Slaughterhouse |
| 12:10 | Spirit Tower |
| 12:11 | Ghoul |
| 12:27 | Ghoul |
| 12:29 | Ziggurat |
| 12:32 | Ziggurat |
| 12:52 | Unholy Armor |
| 12:53 | Unholy Strength |
| 13:03 | Ghoul Frenzy |
| 13:34 | Sleep |
| 13:35 | Ghoul |
| 14:05 | Obsidian Statue |
| 14:09 | Ghoul |
| 14:29 | Obsidian Statue |
| 14:51 | Scroll of Healing |
| 14:51 | Orb of Corruption |
| 15:02 | Ghoul |
| 15:19 | Scroll of Protection |
| 15:37 | Ghoul |
| 15:53 | Ghoul |
| 15:53 | Ghoul |
| 16:08 | Rod of Necromancy |
| 16:16 | Ghoul |
| 16:19 | Ghoul |
| 16:35 | Ziggurat |
| 16:59 | Improved Unholy Strength |
| 17:45 | Ghoul |
| 18:11 | Ghoul |
| 18:22 | Staff of Teleportation |
| 18:22 | Potion of Lesser Invulnerability |
| 18:34 | Ghoul |
| 18:42 | Ghoul |
| 18:59 | Ghoul |
| 19:08 | Scroll of Healing |
| 19:14 | Ghoul |
| 19:35 | Ghoul |
| 19:48 | Ghoul |
| Right click | 1419 |
| Select group | 756 |
| Select | 469 |
| Build/train/purchase | 155 |
| Assign group | 61 |
| Use ability | 34 |
| Misc. action | 33 |
| Item give/drop | 11 |
| Remove unit | 5 |
| Esc | 1 |
43 units @ 5.1k
/ 0.9k
19 buildings @ 3.4k
/ 1.8k


| Potion of Healing | 1 | 150 |
| Orb of Venom | 1 | 325 |
| Anti-magic Potion | 1 | 100 |
| Scroll of Town Portal | 1 | 350 |
| total: | 4 | 925g |
| Wisp | 27 | 1620 | / | 0 |
| Huntress | 4 | 780 | / | 80 |
| Dryad | 5 | 725 | / | 300 |
| Druid of the Claw | 4 | 1020 | / | 320 |
| Chimaera | 3 | 990 | / | 210 |
| total: | 43 | 5135g | / | 910w |
| Ancient Protector | 1 | 135 | / | 80 |
| Altar of Elders | 1 | 180 | / | 50 |
| Moon Well | 7 | 1260 | / | 280 |
| Ancient of War | 1 | 150 | / | 60 |
| Hunter's Hall | 1 | 210 | / | 100 |
| Ancient of Wonders | 1 | 90 | / | 30 |
| Tree of Life | 2 | 680 | / | 370 |
| Ancient of Lore | 2 | 310 | / | 290 |
| Ancient of Wind | 1 | 150 | / | 140 |
| Chimaera Roost | 2 | 280 | / | 380 |
| Tree of Ages | 1 | 320 | / | 180 |
| Tree of Eternity | 1 | 330 | / | 200 |
| total: | 19 | 3445g | / | 1780w |
| 0:01 | Wisp |
| 0:01 | Wisp |
| 0:02 | Altar of Elders |
| 0:16 | Moon Well |
| 0:19 | Wisp |
| 0:29 | Wisp |
| 0:47 | Wisp |
| 0:58 | Wisp |
| 1:09 | Wisp |
| 1:17 | Wisp |
| 1:23 | Wisp |
| 1:40 | Ancient of War |
| 1:43 | Hunter's Hall |
| 1:45 | Wisp |
| 1:51 | Wisp |
| 1:56 | Moon Well |
| 2:09 | Mana Burn |
| 2:46 | Tree of Ages |
| 2:50 | Huntress |
| 3:03 | Moon Well |
| 3:24 | Huntress |
| 3:44 | Huntress |
| 4:09 | Ultravision |
| 4:16 | Moon Well |
| 5:07 | Ancient of Lore |
| 5:10 | Ancient of Lore |
| 5:22 | Ancient Protector |
| 5:27 | Evasion |
| 6:28 | Breath of Fire |
| 6:50 | Dryad |
| 6:51 | Moon Well |
| 6:54 | Huntress |
| 7:32 | Tree of Eternity |
| 7:33 | Dryad |
| 8:22 | Mana Burn |
| 8:23 | Drunken Brawler |
| 8:45 | Druid of the Claw Adept Training |
| 8:46 | Druid of the Claw |
| 9:59 | Druid of the Claw Master Training |
| 9:59 | Druid of the Claw |
| 10:02 | Wisp |
| 10:02 | Wisp |
| 10:02 | Wisp |
| 10:25 | Dryad |
| 10:57 | Dryad |
| 11:14 | Ancient of Wonders |
| 11:50 | Tree of Life |
| 12:12 | Wisp |
| 12:14 | Strength of the Wild |
| 12:14 | Reinforced Hides |
| 12:28 | Abolish Magic |
| 12:29 | Moon Well |
| 12:35 | Breath of Fire |
| 12:58 | Evasion |
| 13:45 | Druid of the Claw |
| 13:46 | Moon Well |
| 13:47 | Ancient of Wind |
| 14:14 | Potion of Healing |
| 14:14 | Orb of Venom |
| 14:20 | Anti-magic Potion |
| 14:49 | Drunken Haze |
| 15:00 | Scroll of Town Portal |
| 15:48 | Wisp |
| 15:49 | Wisp |
| 15:49 | Wisp |
| 15:49 | Wisp |
| 15:49 | Wisp |
| 16:26 | Improved Strength of the Wild |
| 16:50 | Chimaera Roost |
| 17:29 | Mana Burn |
| 17:58 | Breath of Fire |
| 18:08 | Tree of Life |
| 18:11 | Dryad |
| 18:13 | Chimaera Roost |
| 18:16 | Chimaera |
| 18:19 | Wisp |
| 18:19 | Wisp |
| 18:55 | Druid of the Claw |
| 19:09 | Chimaera |
| 19:27 | Wisp |
| 19:27 | Wisp |
| 19:28 | Wisp |
| 19:29 | Wisp |
| 19:29 | Wisp |
| 19:50 | Chimaera |
| Right click | 1201 |
| Assign group | 493 |
| Select | 464 |
| Select group | 283 |
| Misc. action | 152 |
| Build/train/purchase | 99 |
| Use ability | 66 |
| Minimap ping | 4 |
| Item give/drop | 3 |